 Dungeon Crawl Stone Soup version 0.30-a0-776-g08fbeb92c1 (webtiles) character file.

Game seed: 12350237140133163959

152 Oxelix the Conjurer (level 5, -3/28 HPs)
             Began as a Deep Elf Conjurer on Feb 13, 2023.
             Was an Initiate of Vehumet.
             Slain by an ice beast (13 damage)
             ... on level 3 of the Dungeon.
             The game lasted 00:04:56 (2708 turns).

Oxelix the Conjurer (Deep Elf Conjurer)             Turns: 2708, Time: 00:04:56

Health: -3/28      AC:  3    Str: 10    XL:     5   Next: 11%
Magic:  2/14       EV: 12    Int: 31    God:    Vehumet [......]
Gold:   213        SH:  0    Dex: 13    Spells: 10/13 levels left

rFire   . . .      SeeInvis .    l - staff of air
rCold   . . .      Faith    .    (no shield)
rNeg    . . .      Spirit   .    a - +0 robe
rPois   .          Reflect  .    (no helmet)
rElec   +          Harm     .    n - scarf {repulsion}
rCorr   .          Rampage  .    (no gloves)
Will    .....                    m - +0 pair of boots
Stlth   ++                       (no amulet)
HPRegen 0.24/turn                e - +6 ring of intelligence
MPRegen 0.14/turn                c - +6 ring of strength

@: repel missiles
A: no striking features
a: Renounce Religion


You were on level 3 of the Dungeon.
You worshipped Vehumet.
Vehumet was noncommittal.
You visited 1 branch of the dungeon, and saw 3 of its levels.

You collected 213 gold pieces.

Inventory:

Missiles
 p - 2 throwing nets
Armour
 a - a +0 robe (worn)
 m - a +0 pair of boots (worn)
 n - a scarf of repulsion (worn)
Magical Staves
 f - a staff of death
 l - a staff of air (weapon)
Jewellery
 c - a +6 ring of strength (right hand)
 e - a +6 ring of intelligence (left hand)
Scrolls
 d - 4 scrolls of teleportation {unknown}
 g - 5 scrolls of identify {unknown}
 h - a scroll of blinking {unknown}
 j - 2 scrolls of enchant armour {unknown}
 k - a scroll of fear {unknown}
 r - a scroll of fog {unknown}
 s - a scroll of butterflies {unknown}
Potions
 b - a potion of magic
 i - 3 potions of attraction {unknown}
 o - a potion of berserk rage {unknown}
 q - 3 potions of curing {unknown}


   Skills:
 - Level 2.4 Dodging
 - Level 2.4 Stealth
 + Level 4.7 Spellcasting
 * Level 6.3 Conjurations


You had 10 spell levels left.
You knew the following spells:

 Your Spells              Type           Power      Damage    Failure   Level
a - Magic Dart            Conj           100%       1d8       1%          1
b - Searing Ray           Conj           92%        2d7       1%          2

Your spell library contained the following spells:

 Spells                   Type           Power      Damage    Failure   Level
 Dazzling Flash           Conj/Hex       54%        N/A       4%          3
 Mephitic Cloud           Conj/Pois/Air  30%        N/A       7%          3
 Cigotuvi's Dreadful Rot  Necr/Pois/Air  22%        N/A       9%          2
 Poisonous Vapours        Pois/Air       22%        N/A       9%          2
 Fulminant Prism          Conj/Hex       13%        3d9       16%         4
 Iskenderun's Mystic Bla  Conj/Tloc      27%        2d7       16%         4
 Call Canine Familiar     Summ           7%         N/A       17%         3
 Portal Projectile        Hex/Tloc       14%        N/A       17%         3
 Cause Fear               Hex            3%         N/A       50%         4
 Leda's Liquefaction      Hex/Erth       3%         N/A       50%         4
 Dragon Form              Tmut           3%         N/A       100%        7
 Dragon's Call            Summ           3%         N/A       100%        9


Dungeon Overview and Level Annotations

Branches:
Dungeon (3/15)

Altars:
Trog
Vehumet

Annotations:
D:2 1 runed translucent door, Crazy Yiuf


Message History

The ice beast is heavily wounded.
The searing ray hits the ice beast.
The ice beast is heavily wounded.
The ice beast misses you.
The searing ray hits the ice beast.
The ice beast is severely wounded.
You finish channelling your searing ray.
The ice beast hits you. The ice beast freezes you.
Casting: Searing Ray (safe; 1% risk of failure)
Confirm with . or Enter, or press ? or * to list all spells.
You don't have enough magic to cast this spell.
The ice beast attacks as you move away! The ice beast misses you.
The ice beast attacks as you move away!
The ice beast hits you but does no damage.
Casting: Searing Ray (safe; 1% risk of failure)
Confirm with . or Enter, or press ? or * to list all spells.
Aiming: Searing Ray (safe; 1% risk of failure)
Press: ? - help, Shift-Dir - straight line, f/p - ice beast
Aim: an ice beast (severely wounded, 82% to hit)
The searing ray hits the ice beast.
The ice beast is severely wounded. (Press . to maintain the ray.)
The ice beast closely misses you.
Without enough magic to sustain it, your searing ray dissipates.
The ice beast barely misses you. The ice beast attacks as you move away!
The ice beast hits you but does no damage.
The ice beast attacks as you move away! The ice beast closely misses you.
The magic dart hits the ice beast but does no damage.
The ice beast is severely wounded.
The ice beast closely misses you. The ice beast attacks as you move away!
The ice beast closely misses you.
There is an open door here.
The ice beast attacks as you move away! The ice beast hits you.
The ice beast freezes you! The ice beast attacks as you move away!
The ice beast closely misses you. The ice beast attacks as you move away!
The ice beast closely misses you. The ice beast attacks as you move away!
The ice beast hits you. The ice beast freezes you!
You die...

##### #########
#.#.################### ........#
#....Y@................
#######.###.#.......#############
#######.....#.#####.######## #
............#.# #.#......# #
###########.#.# #.#.####.# #
#####.......#.#####.#.####.######
...........................(...>#
#####.####..........#.####.####.#
#####....#'##.#######.# #.# #.#


You could see an ice beast.

Vanquished Creatures
  Robin (D:2)
  5 adders
  A worm (D:3)
  3 dart slugs
  2 orcs (D:3)
  6 ball pythons
  3 bats
  4 endoplasms
  3 giant cockroaches
  19 goblins
  13 hobgoblins
  7 jackals (D:3)
  4 kobolds
  A quokka (D:2)
  3 frilled lizards
  A rat (D:3)
76 creatures vanquished.

Notes
Turn   | Place    | Note
-------+----------+-------------------------------------------
     0 | D:1      | Oxelix the Deep Elf Conjurer began the quest for the Orb.
     0 | D:1      | Reached XP level 1. HP: 10/10 MP: 6/6
   193 | D:1      | Reached XP level 2. HP: 15/15 MP: 1/8
   292 | D:1      | You fall into a shaft and drop 1 floor!
   304 | D:2      | Found a faded altar of an unknown god.
   653 | D:1      | Reached skill level 5 in Conjurations
   987 | D:2      | Reached XP level 3. HP: 19/19 MP: 5/10
   990 | D:2      | Learned a level 2 spell: Searing Ray
  1424 | D:2      | Noticed Robin
  1442 | D:2      | Killed Robin
  1443 | D:2      | Reached XP level 4. HP: 24/24 MP: 0/12
  1808 | D:2      | Found a runed translucent door.
  1809 | D:2      | Noticed Crazy Yiuf
  2013 | D:3      | Reached skill level 6 in Conjurations
  2065 | D:3      | Found a radiant altar of Vehumet.
  2128 | D:3      | Became a worshipper of Vehumet
  2426 | D:3      | Found a bloodstained altar of Trog.
  2605 | D:3      | Reached XP level 5. HP: 28/28 MP: 10/14
  2649 | D:3      | Noticed an ice beast
  2708 | D:3      | Slain by an ice beast

Illustrated notes

Levels and vault maps discovered:
D:1:      reono_arrival_mine, layout_loops_ring, serial_bayou_pond_a
D:2:      cheibrodos_greedy_goblins, layout_rooms,
          chequers_ecumenical_altar_island, chequers_serial_rivers_room_a,
          nicolae_kite_square_tiling_tiny, minmay_hexomino_f4, uniq_robin,
          uniq_crazy_yiuf_cottage
D:3:      minmay_general_purpose_star, layout_basic, lemuel_crystal_altar,
          mainiacjoe_overflow_alcove_4, st_stairs_7, item_on_display_a

Skill      XL: |  1  2  3  4 |
---------------+-------------+-----
Conjurations   | 5 6 |  6.3
Spellcasting   | 4 |  4.7
Dodging        | |  2.4
Stealth        | |  2.4

Action                     |  1- 3 |  4- 6 || total
---------------------------+-------+-------++-------
  Melee: Staff             |     1 |     5 ||     6
   Cast: Magic Dart        |    65 |    65 ||   130
         Searing Ray       |     2 |     2 ||     4
 Armour: Robe              |     1 |     5 ||     6
  Dodge: Dodged            |     6 |    15 ||    21

Table legend: (Time is in decaauts)
 A = Elapsed time spent in this place.
 B = Non-inter-level travel time spent in this place.
 C = Inter-level travel time spent in this place.
 D = Time resting spent in this place.
 E = Time spent auto-exploring this place.
 F = Levels seen in this place.
 G = Mean time per level.
                   A        B        C        D        E       F      G
               +--------+--------+--------+--------+--------+-----+--------+
         Total |   2712 |   2631 |     81 |     91 |   2174 |   3 |  904.0 |
       Dungeon |   2712 |   2631 |     81 |     91 |   2174 |   3 |  904.0 |
               +--------+--------+--------+--------+--------+-----+--------+

Top non-repeatable levels by time:
     D:2: 978 daAuts
     D:1: 922 daAuts
     D:3: 811 daAuts
